 Dungeon Sprint DCSS version 0.29-a0-857-g9b1aa3ac5b (webtiles) character file.

Game seed: 15740801178074111977

6114 mhtbhm the Tortoise (level 10, -12/99 HPs)
             Began as a Minotaur Fighter on July 16, 2022.
             Was the Champion of Qazlal.
             Killed from afar by a hell hog (34 damage)
             ... with a fireball
             ... in the Dungeon (Sprint VII: "The Pits").
             The game lasted 00:05:02 (2153 turns).

mhtbhm the Tortoise (Minotaur Fighter)              Turns: 2153, Time: 00:05:03

Health: -12/99     AC: 29    Str: 24    XL:     10   Next: 58%
Magic:  10/17      EV: 14    Int:  5    God:    Qazlal [******]
Gold:   0          SH: 16    Dex: 14    Spells: 9/9 levels left

rFire   . . .      SeeInvis .   a - +2 morningstar (protect)
rCold   . . .      Faith    .   c - +0 buckler
rNeg    . . .      Spirit   .   b - +3 chain mail
rPois   .          Reflect  .   (helmet restricted)
rElec   .          Harm     .   r - +0 cloak
rCorr   .          Rampage  .   q - +0 pair of gloves
Will    .....      NoTele   +   (no boots)
Stlth   ..........              (no amulet)
HPRegen 0.26/turn               f - +3 ring of dexterity
MPRegen 0.15/turn               i - +3 ring of evasion

@: protected from physical damage, under a protective aura, repel missiles
A: horns 2, retaliatory headbutt
a: Renounce Religion, Upheaval, Elemental Force, Disaster Area


You were in the Dungeon.
You worshipped Qazlal.
Qazlal was exalted by your worship.
You visited 1 branch

Inventory:

Hand Weapons
 a - a +2 morningstar of protection (weapon)
Missiles
 m - 16 poisoned darts (quivered)
Armour
 b - a +3 chain mail (worn)
 c - a +0 buckler (worn)
 q - a +0 pair of gloves (worn)
 r - a +0 cloak (worn)
Jewellery
 f - a +3 ring of dexterity (left hand)
 i - a +3 ring of evasion (right hand)
Scrolls
 l - 5 scrolls of amnesia
Potions
 d - 2 potions of might
 e - 2 potions of curing
 g - 3 potions of haste
 h - 4 potions of magic
 k - 2 potions of invisibility
 n - a potion of berserk rage
 o - 3 potions of mutation
 p - a potion of resistance


   Skills:
 + Level 12.4 Fighting
 + Level 13.1 Maces & Flails
 + Level 15.0 Armour
 + Level 5.6 Dodging
 + Level 0.4 Stealth
 + Level 14.6 Shields
 * Level 11.3 Invocations


You had 9 spell levels left.
You didn't know any spells.
Your spell library was empty.

Dungeon Overview and Level Annotations

Branches:
Dungeon (1/1)

Altars:
Ashenzari
Cheibriados
Dithmenos
Elyvilon
Fedhas
Gozag
Hepliaklqana
Kikubaaqudgha
Makhleb
Nemelex Xobeh
Okawaru
Qazlal
Ru
Sif Muna
Trog
Uskayaw
Vehumet
Wu Jian
Xom
Yredelemnul
Zin
The Shining One
Jiyva
Lugonu


Innate Abilities, Weirdness & Mutations

You have a pair of horns on your head.
You reflexively headbutt those who attack you in melee.


Message History

Your earth elemental hits the orc warrior!!
The orc warrior dies!
Qazlal accepts your kill.
Your air elemental barely misses the hell hog.
Your Armour skill increases to level 15!
You hit the hell hog. You headbutt the hell hog.
The hell hog is heavily wounded.
Your air elemental disappears in a puff of smoke!
The vampire mosquito closely misses your fire elemental.
The hell hog is engulfed in freezing vapours.
You block the hell hog's attack.
Your fire elemental hits the hell hog.
The hell hog breathes fire at you.
The fireball explodes!
The fireball engulfs you!!
* * * LOW HITPOINT WARNING * * *
The fireball engulfs the hell hog.
The hell hog completely resists.
The fireball engulfs the hell hog.
The hell hog completely resists.
The fireball engulfs the hell hog.
The hell hog completely resists.
You hear a sizzling sound!
The hell hog bites your fire elemental!
You feel better.
Your earth elemental disappears in a puff of smoke!
Your fire elemental disappears in a puff of smoke!
The vampire mosquito completely misses your earth elemental.
You block the hell hog's attack.
Unknown command.
You feel better.
The vampire mosquito bites your earth elemental.
The hell hog bites your earth elemental!
The hell hog bites your earth elemental.
The hell hog bites you but does no damage.
The vampire mosquito bites your earth elemental.
Your earth elemental barely misses the vampire mosquito.
The hell hog bites your earth elemental. x2
Unknown command.
You hit the hell hog but do no damage. You headbutt the hell hog.
The hell hog is severely wounded.
Your earth elemental disappears in a puff of smoke!
The hell hog breathes fire at you.
The fireball explodes!
The fireball engulfs you!!
You die...

...##..+...# ..##...#..#
.## .##...##..# ..##
.#[..##...+ ...#
.').##....### ...##
##..#.......### .≈..#
#...')[.......## y)..#
....#))..####..##h°..#+
.#..##..##..##.☼@hh...#
###..##.'††..'.○#°)....#
#.##..#.##..##..#.☼.....
..††..'..####...##...###
...#..##.........##.##
####### ########## ##


You could see 3 hell hogs and a vampire mosquito (unaware).

Vanquished Creatures
  A hydra (D)
  A boulder beetle (D)
  A flayed ghost (D)
  An ugly thing (D)
  A cyclops (D)
  A black mamba (D)
  A tyrant leech (D)
  A snapping turtle (D)
  A ynoxinul (D)
  2 redbacks (D)
  A vampire mosquito (D)
  A warg (D)
  An acid dragon (D)
  A floating eye (D)
  A sky beast (D)
  An ogre (D)
  2 kobold brigands (D)
  An earth elemental (D)
  A gnoll sergeant (D)
  4 killer bees (D)
  A jelly (D)
  An iguana (D)
  2 iron imps (D)
  4 gnolls (D)
  An adder (D)
  2 ufetubi (D)
  An adder simulacrum (D)
  A ball python (D)
  A bat skeleton (D)
  An endoplasm (D)
  A goblin (D)
  A hobgoblin (D)
  A ball python zombie (D)
  4 kobolds (D)
47 creatures vanquished.

Vanquished Creatures (collateral kills)
  A hell hog (D)
  An efreet (D)
  A vampire mosquito (D)
  An acid dragon (D)
  An orc warrior (D)
  A crimson imp (D)
  A jelly (D)
  An orc (D)
8 creatures vanquished.

Vanquished Creatures (others)
  A gargoyle (D)
  An orc (D)
2 creatures vanquished.

Grand Total: 57 creatures vanquished

Notes
Turn   | Place    | Note
-------+----------+-------------------------------------------
     0 | D        | mhtbhm the Minotaur Fighter began the quest for the Orb.
     0 | D        | Reached XP level 1. HP: 19/19 MP: 0/0
    20 | D        | Found a bloodstained altar of Trog.
    20 | D        | Found a shimmering blue altar of Sif Muna.
    20 | D        | Found a viscous altar of Jiyva.
    20 | D        | Found a hazy altar of Hepliaklqana.
    20 | D        | Found an opulent altar of Gozag.
    21 | D        | Found a glowing golden altar of the Shining One.
    21 | D        | Found a glowing silver altar of Zin.
    21 | D        | Found a basalt altar of Yredelemnul.
    21 | D        | Found a shimmering altar of Xom.
    21 | D        | Found an ornate altar of the Wu Jian Council.
    21 | D        | Found a sacrificial altar of Ru.
    21 | D        | Found a stormy altar of Qazlal.
    21 | D        | Found an iron altar of Okawaru.
    21 | D        | Found a sparkling altar of Nemelex Xobeh.
    21 | D        | Found a burning altar of Makhleb.
    21 | D        | Found a blossoming altar of Fedhas.
    21 | D        | Found a white marble altar of Elyvilon.
    21 | D        | Found a shadowy altar of Dithmenos.
    21 | D        | Found a snail-covered altar of Cheibriados.
    23 | D        | Found a radiant altar of Vehumet.
    23 | D        | Found a corrupted altar of Lugonu.
    24 | D        | Found a hide-covered altar of Uskayaw.
    24 | D        | Found an ancient bone altar of Kikubaaqudgha.
    24 | D        | Found a broken altar of Ashenzari.
    28 | D        | Became a worshipper of Qazlal Stormbringer
    71 | D        | Reached skill level 4 in Armour
    87 | D        | Reached * piety under Qazlal
    90 | D        | Reached skill level 1 in Invocations
   125 | D        | Reached XP level 2. HP: 28/28 MP: 0/2
   126 | D        | Reached ** piety under Qazlal
   132 | D        | Reached skill level 5 in Fighting
   132 | D        | Reached skill level 5 in Armour
   132 | D        | Reached skill level 5 in Shields
   211 | D        | Noticed a warg
   231 | D        | Killed a warg
   232 | D        | Reached skill level 7 in Armour
   232 | D        | Reached skill level 1 in Dodging
   232 | D        | Reached XP level 3. HP: 22/38 MP: 2/5
   232 | D        | Reached XP level 4. HP: 26/45 MP: 2/6
   232 | D        | Reached XP level 5. HP: 30/51 MP: 2/7
   232 | D        | Reached *** piety under Qazlal
   232 | D        | Noticed an ogre
   239 | D        | Killed an ogre
   240 | D        | Reached skill level 5 in Maces & Flails
   240 | D        | Reached skill level 8 in Armour
   240 | D        | Reached skill level 5 in Invocations
   245 | D        | Reached **** piety under Qazlal
   246 | D        | Reached XP level 6. HP: 18/60 MP: 3/9
   469 | D        | Noticed a cyclops
   477 | D        | Killed a cyclops
   478 | D        | Reached skill level 10 in Armour
   478 | D        | Reached XP level 7. HP: 69/69 MP: 9/11
   581 | D        | Reached ***** piety under Qazlal
   689 | D        | Noticed a seven-headed hydra
   689 | D        | Noticed a redback
   695 | D        | Killed a redback
   696 | D        | Reached skill level 11 in Armour
   696 | D        | Reached skill level 10 in Shields
   696 | D        | Reached XP level 8. HP: 49/78 MP: 12/12
   703 | D        | Paralysed by a floating eye for 3 turns
   712 | D        | Paralysed by a floating eye for 2 turns
   717 | D        | Paralysed by a floating eye for 3 turns
   722 | D        | Paralysed by a floating eye for 4 turns
   732 | D        | Paralysed by a floating eye for 4 turns
   738 | D        | Paralysed by a floating eye for 3 turns
   743 | D        | Paralysed by a floating eye for 3 turns
   749 | D        | Paralysed by a floating eye for 3 turns
   756 | D        | Paralysed by a floating eye for 3 turns
   769 | D        | Killed a seven-headed hydra
   770 | D        | Reached skill level 10 in Fighting
   770 | D        | Reached skill level 10 in Maces & Flails
   770 | D        | Reached skill level 12 in Armour
  1150 | D        | Noticed a tyrant leech
  1151 | D        | Noticed a cyan ugly thing
  1164 | D        | Killed a cyan ugly thing
  1165 | D        | Reached XP level 9. HP: 62/86 MP: 14/14
  1170 | D        | Killed a tyrant leech
  1171 | D        | Reached skill level 13 in Armour
  1314 | D        | Noticed an efreet
  1327 | D        | Killed an efreet
  1487 | D        | Noticed a flayed ghost
  1497 | D        | Killed a flayed ghost
  1727 | D        | Reached ****** piety under Qazlal
  1728 | D        | Reached skill level 14 in Armour
  1733 | D        | Reached skill level 10 in Invocations
  1858 | D        | Noticed a boulder beetle
  1882 | D        | Killed a boulder beetle
  1883 | D        | Reached skill level 5 in Dodging
  1883 | D        | Reached XP level 10. HP: 45/97 MP: 16/16
  2096 | D        | Noticed a black mamba
  2103 | D        | Killed a black mamba
  2128 | D        | Noticed a hell hog
  2128 | D        | Noticed a gargoyle
  2132 | D        | Noticed a hell hog
  2133 | D        | Noticed a hell hog
  2135 | D        | Noticed a hell hog
  2145 | D        | Killed a gargoyle
  2147 | D        | Killed a hell hog
  2150 | D        | Reached skill level 15 in Armour
  2153 | D        | Killed from afar by a hell hog

Illustrated notes

Levels and vault maps discovered:
D:        pitsprint [storerooms_1, entrance_room_1, metal_vault_7, armoury_2,
          mini_pit_1, grid_room_1, main_hall_1, silver_pit, the_coven_1,
          the_vestibule_1, steel_vault_3, golden_pit, hallway_of_sentries,
          crystal_vault_2, iron_vault_2, final_vault]

Skill      XL: |  1  2  3  4  5  6  7  8  9 10 |
---------------+-------------------------------+-----
Armour         | 4 7 8 10 11 12 14 15 | 15.0
Fighting       | 4 6 7 8 9 10 11 12 | 12.4
Shields        | 4 6 7 9 10 11 13 14 | 14.6
Invocations    | 1 4 5 6 7 9 10 11 | 11.3
Maces & Flails | 4 6 7 8 10 12 13 | 13.1
Dodging        | 1 2 3 4 5 |  5.6
Stealth        | |  0.4

Action                   |  1- 3 |  4- 6 |  7- 9 | 10-12 || total
-------------------------+-------+-------+-------+-------++-------
Melee: Mace              |    27 |    15 |    40 |       ||    82
       Flail             |     3 |       |       |       ||     3
       Headbutt          |     5 |     2 |    30 |    10 ||    47
       Morningstar       |       |       |    60 |    37 ||    97
Invok: Upheaval          |       |       |     3 |     1 ||     4
       Elemental Force   |       |       |     1 |     1 ||     2
  Use: Potion            |     4 |     2 |     6 |     3 ||    15
       Scroll            |       |     1 |     1 |       ||     2
Armor: Scale mail        |    11 |       |       |       ||    11
       Chain mail        |     3 |     6 |    55 |    22 ||    86
Dodge: Dodged            |    12 |     1 |    69 |    21 ||   103
       Repelled          |       |       |       |     2 ||     2
Block: Buckler           |    15 |     3 |   123 |    43 ||   184

Table legend: (Time is in decaauts)
 A = Elapsed time spent in this place.
 B = Non-inter-level travel time spent in this place.
 C = Inter-level travel time spent in this place.
 D = Time resting spent in this place.
 E = Time spent auto-exploring this place.
 F = Levels seen in this place.
 G = Mean time per level.
                   A        B        C        D        E       F      G
               +--------+--------+--------+--------+--------+-----+--------+
         Total |   2180 |   2180 |      0 |   1304 |    246 |   1 | 2180.0 |
       Dungeon |   2180 |   2180 |      0 |   1304 |    246 |   1 | 2180.0 |
               +--------+--------+--------+--------+--------+-----+--------+

Top non-repeatable levels by time:
       D: 2180 daAuts
